[Event "K21"]
[Site "?"]
[Date "2022.08.02"]
[Round "5"]
[White "Rutsatz, Mario"]
[Black "Schoenmakers, Nico"]
[Result "1-0"]
[ECO "D36"]
[WhiteElo "1898"]
[BlackElo "1816"]
[Annotator ",martin-koller@seznam"]
[PlyCount "155"]
[TimeControl "240+2"]

{600MB, Fritz10.ctg} 1. c4 e6 2. d4 d5 3. Nc3 Nf6 4. cxd5 exd5 5. Bg5 Be7 6. e3
h6 7. Bh4 Nbd7 8. Bd3 c6 9. Nge2 O-O 10. Qc2 Re8 11. O-O Nf8 12. f3 N6h7 13.
Bf2 Nf6 14. Kh1 c5 15. dxc5 Bxc5 16. Nb5 Ne6 17. Rac1 Bb6 18. Rfd1 a6 19. Nbd4
Nxd4 20. Nxd4 Bxd4 21. exd4 Be6 22. Qb3 Qd7 23. Bh4 Nh7 24. Bg3 Rac8 25. Rc5
Rxc5 26. dxc5 Qc6 27. Qc2 Nf8 28. b4 Rc8 29. Qe2 Qa4 30. Rb1 Qc6 31. Bd6 Ra8
32. b5 axb5 33. Bxb5 Qc8 34. a4 Nd7 35. Qe3 Nb8 36. Rb4 Nc6 37. Rh4 Bf5 38. g4
Qe6 39. Qd2 Bg6 40. Bf4 Qf6 41. Rh3 Qa1+ 42. Kg2 Re8 43. Rg3 Qe1 44. Qxe1 Rxe1
45. Kf2 Rb1 46. Rg1 Rb2+ 47. Kg3 d4 48. Bxc6 bxc6 49. Ra1 Rb7 50. Be5 d3 51.
Kf2 f6 52. Bc3 Bf7 53. Ke3 Bc4 54. Kd2 Re7 55. Re1 Ra7 56. a5 Kf7 57. f4 Bb5
58. f5 Rd7 59. Re6 Ra7 60. h4 Rd7 61. g5 hxg5 62. hxg5 fxg5 63. Rg6 Kf8 64.
Rxg5 Rd5 65. Bxg7+ Kf7 66. Bc3 Rxc5 67. Rg7+ Kf8 68. f6 Rf5 69. Ke3 c5 70. Rb7
Bc4 71. Rb6 Rf1 72. a6 Rc1 73. Rb8+ Kf7 74. Rb7+ Kg6 75. a7 Bd5 76. a8=Q Bxb7
77. Qxb7 Rxc3 78. Qg7+ 1-0

[Event "M21"]
[Site "?"]
[Date "2022.08.03"]
[Round "6"]
[White "Gunther, Andreas"]
[Black "Lokander, Martin"]
[Result "0-1"]
[ECO "A01"]
[WhiteElo "2088"]
[BlackElo "2483"]
[Annotator ",martin-koller@seznam"]
[PlyCount "70"]
[TimeControl "240+2"]

{600MB, Fritz10.ctg} 1. b3 e5 2. Bb2 Nc6 3. e3 d5 4. Bb5 Nge7 5. Bxe5 a6 6.
Bxc6+ Nxc6 7. Bc3 Qg5 8. Qf3 Bd6 9. h4 Qg6 10. d3 Be6 11. h5 Qh6 12. Ne2 O-O-O
13. Nd2 Qg5 14. Nf4 Bg4 15. Qg3 Rhe8 16. Kf1 d4 17. Nf3 Qf5 18. Bd2 dxe3 19.
fxe3 Kb8 20. Re1 g5 21. hxg6 hxg6 22. e4 Qd7 23. Qf2 Nb4 24. Bxb4 Bxb4 25. Re2
c6 26. Rh7 Rh8 27. Rxh8 Rxh8 28. Qg3 Rh1+ 29. Kf2 Bc5+ 30. d4 Bxd4+ 31. Nxd4
Qxd4+ 32. Qe3 Qf6 33. Re1 Qh4+ 34. g3 Qh2+ 35. Ng2 Bh3 0-1

[Event "M21"]
[Site "?"]
[Date "2022.08.03"]
[Round "6"]
[White "Hogeman, Joel"]
[Black "Shubin, Daniel"]
[Result "1-0"]
[ECO "C01"]
[WhiteElo "2160"]
[BlackElo "2120"]
[Annotator ",martin-koller@seznam"]
[PlyCount "51"]
[TimeControl "240+2"]

{600MB, Fritz10.ctg} 1. e4 e6 2. d4 d5 3. Nc3 Bb4 4. exd5 exd5 5. Bd3 Nc6 6. a3
Bxc3+ 7. bxc3 Nge7 8. Qf3 Be6 9. Ne2 Qd7 10. O-O Bf5 11. Ng3 Bg6 12. a4 O-O 13.
h4 Na5 14. Ra2 Rac8 15. Ba3 Rfe8 16. h5 Bxd3 17. cxd3 h6 18. Bxe7 Rxe7 19. Nf5
Re6 20. Qg4 g6 21. hxg6 fxg6 22. Nxh6+ Kh7 23. Re2 Rce8 24. Rfe1 Kxh6 25. Rxe6
Kg7 26. Qxg6+ 1-0

[Event "M21"]
[Site "?"]
[Date "2022.08.03"]
[Round "6"]
[White "Hansch, Karsten"]
[Black "Prieb, Robert"]
[Result "1-0"]
[ECO "B97"]
[WhiteElo "2320"]
[BlackElo "2111"]
[Annotator ",martin-koller@seznam"]
[PlyCount "89"]
[TimeControl "240+2"]

{600MB, Fritz10.ctg} 1. e4 c5 2. Nf3 d6 3. d4 cxd4 4. Nxd4 Nf6 5. Nc3 a6 6. Bg5
e6 7. f4 Qb6 8. Nb3 Qe3+ 9. Qe2 Qxe2+ 10. Bxe2 Nbd7 11. O-O-O h6 12. Bh4 Rg8
13. Bf2 b6 14. Bf3 Bb7 15. Rhe1 g5 16. g3 O-O-O 17. a4 Nc5 18. Nd2 Bc6 19. Nc4
Kc7 20. Bd4 Be7 21. b4 Ncd7 22. a5 b5 23. Nb6 Kb7 24. Ncd5 Rge8 25. Nxd7 Nxd7
26. Nxe7 Rxe7 27. fxg5 hxg5 28. Be3 f6 29. Rxd6 Kc7 30. Red1 Rh8 31. Bg4 Rxh2
32. Bxe6 Nf8 33. Bb6+ Kb7 34. Bd5 Bxd5 35. exd5 Ree2 36. Rc6 f5 37. Rc7+ Kb8
38. d6 Nd7 39. Rd5 Re5 40. Rxe5 Nxe5 41. Ba7+ Ka8 42. Bd4 Nc4 43. Rxc4 bxc4 44.
d7 Rh1+ 45. Kb2 1-0

[Event "M21"]
[Site "?"]
[Date "2022.08.03"]
[Round "6"]
[White "Tornberg, Carlos"]
[Black "Kleinschroth, Roland"]
[Result "1-0"]
[ECO "B01"]
[WhiteElo "1983"]
[BlackElo "2085"]
[Annotator ",martin-koller@seznam"]
[PlyCount "97"]
[TimeControl "240+2"]

{600MB, Fritz10.ctg} 1. e4 d5 2. exd5 Qxd5 3. Nc3 Qa5 4. d4 Nf6 5. Nf3 Nc6 6.
Bd2 Bg4 7. Nb5 Qb6 8. a4 a5 9. h3 Bxf3 10. Qxf3 O-O-O 11. Be3 Nb4 12. Rc1 e6
13. Be2 Nbd5 14. O-O c6 15. c4 cxb5 16. cxd5+ Kb8 17. dxe6 Qxe6 18. Bxb5 Bd6
19. Rfe1 Qd5 20. Qd1 Rc8 21. Be2 Rxc1 22. Bxc1 Re8 23. Be3 Ne4 24. Bf3 f5 25.
Qd3 h6 26. Bd1 Bc7 27. Qb5 Qxb5 28. axb5 f4 29. b6 Bxb6 30. Bxf4+ Bc7 31. Bxc7+
Kxc7 32. Ba4 b5 33. Bxb5 Rb8 34. Rxe4 Rxb5 35. Re5 Rxb2 36. Rxa5 Kd6 37. Ra7 g5
38. Ra6+ Kd5 39. Rxh6 Kxd4 40. Rh5 Rb5 41. Kh2 Rf5 42. h4 Rxf2 43. Rxg5 Ke4 44.
Kg3 Rf1 45. h5 Rh1 46. Kg4 Rh2 47. g3 Rh1 48. Ra5 Rh2 49. Kg5 1-0

[Event "K21"]
[Site "?"]
[Date "2022.08.03"]
[Round "6"]
[White "Schoenmakers, Nico"]
[Black "Reichmann, Steffen"]
[Result "0-1"]
[ECO "B21"]
[WhiteElo "1816"]
[BlackElo "1946"]
[Annotator ",martin-koller@seznam"]
[PlyCount "22"]
[TimeControl "240+2"]

{600MB, Fritz10.ctg} 1. e4 c5 2. d4 cxd4 3. c3 dxc3 4. Nxc3 Nc6 5. Nf3 e6 6.
Bc4 Qc7 7. Qe2 Nf6 8. O-O Ng4 9. h3 Nd4 10. Qe3 Nxf3+ 11. Qxf3 Qh2# 0-1

[Event "K21"]
[Site "?"]
[Date "2022.08.03"]
[Round "6"]
[White "Karas, Eugenia"]
[Black "Oelmann, Henry"]
[Result "0-1"]
[ECO "A30"]
[WhiteElo "1844"]
[BlackElo "1952"]
[Annotator ",martin-koller@seznam"]
[PlyCount "82"]
[TimeControl "240+2"]

{600MB, Fritz10.ctg} 1. d4 Nf6 2. c4 e6 3. Nf3 b6 4. g3 Bb7 5. Bg2 c5 6. O-O
cxd4 7. Nxd4 Bxg2 8. Kxg2 Be7 9. Nc3 Nc6 10. e4 O-O 11. f4 Nxd4 12. Qxd4 d6 13.
b3 Qc7 14. Ba3 Rfd8 15. Rad1 Rd7 16. Rd3 Rad8 17. Qf2 Qb7 18. Re1 Nxe4 19. Nxe4
f5 20. Qf3 fxe4 21. Rxe4 d5 22. cxd5 Bxa3 23. Rxe6 Bf8 24. f5 Rf7 25. Qe4 Rdd7
26. g4 Qc7 27. Rc6 Qd8 28. Re6 h6 29. Re8 Qf6 30. Re5 Rfe7 31. Re6 Qb2+ 32. Kh3
Rf7 33. Re8 Rde7 34. Rxe7 Rxe7 35. Qc4 Re2 36. d6+ Kh7 37. Qf4 Qc2 38. Rd5 Qc3+
39. Kh4 Re3 40. g5 Rh3+ 41. Kg4 h5# 0-1

[Event "K21"]
[Site "?"]
[Date "2022.08.03"]
[Round "6"]
[White "Wiege, Hannes"]
[Black "Husa, Daniel"]
[Result "0-1"]
[ECO "D50"]
[WhiteElo "1791"]
[BlackElo "1843"]
[Annotator ",martin-koller@seznam"]
[PlyCount "90"]
[TimeControl "240+2"]

{600MB, Fritz10.ctg} 1. d4 d5 2. c4 e6 3. Nc3 Nf6 4. Bg5 dxc4 5. e3 c5 6. dxc5
Qxd1+ 7. Rxd1 Bxc5 8. Bxc4 a6 9. Nge2 b5 10. Bb3 Bb7 11. O-O Nbd7 12. Nd4 h6
13. Bh4 g5 14. Bg3 Nh5 15. Bc7 Rc8 16. Ba5 Bb6 17. Bxb6 Nxb6 18. Rc1 Ke7 19.
Nf3 Rhd8 20. Rfd1 Nf6 21. Ne5 Nfd7 22. Nxd7 Rxd7 23. Rxd7+ Nxd7 24. Ne2 Rxc1+
25. Nxc1 Nc5 26. f3 Nxb3 27. Nxb3 Bd5 28. Nc1 a5 29. e4 Bc6 30. Kf2 Kd6 31. Nb3
a4 32. Nd4 Kc5 33. Ke3 Bd7 34. Kd3 e5 35. Nc2 b4 36. b3 Be6 37. Na1 axb3 38.
axb3 h5 39. h3 f5 40. Ke3 f4+ 41. Kd3 g4 42. fxg4 hxg4 43. h4 g3 44. h5 f3 45.
h6 Bg8 0-1

[Event "K21"]
[Site "?"]
[Date "2022.08.03"]
[Round "6"]
[White "Rutsatz, Mario"]
[Black "Ekberg, Karl"]
[Result "1-0"]
[ECO "A33"]
[WhiteElo "1898"]
[BlackElo "1951"]
[Annotator ",martin-koller@seznam"]
[PlyCount "109"]
[TimeControl "240+2"]

{600MB, Fritz10.ctg} 1. c4 Nf6 2. g3 c5 3. Bg2 e6 4. Nf3 Nc6 5. Nc3 Be7 6. O-O
O-O 7. d4 cxd4 8. Nxd4 a6 9. e4 Nxd4 10. Qxd4 d6 11. Re1 e5 12. Qd3 h6 13. b3
Rb8 14. a4 Ne8 15. Ba3 f5 16. Rad1 fxe4 17. Nxe4 Qb6 18. Qd5+ Kh8 19. c5 dxc5
20. Qxe5 Qc7 21. Qxc7 Nxc7 22. Bxc5 Bxc5 23. Nxc5 b6 24. Nd7 Bxd7 25. Rxd7 Ne8
26. Ree7 Rf6 27. Ra7 a5 28. Bf1 Rg6 29. Be2 Nd6 30. Bd3 Rg5 31. Rad7 Ne8 32. f4
Rc5 33. Bg6 Nf6 34. Ra7 Rg8 35. Bf7 Rd8 36. Bc4 Ne4 37. Kg2 Nd6 38. Rxg7 Nxc4
39. bxc4 Rxc4 40. Rh7+ Kg8 41. Rag7+ Kf8 42. Rb7 Kg8 43. Rxh6 Rxa4 44. Rhxb6
Ra8 45. Rg6+ Kf8 46. Rbg7 Re8 47. Ra7 Ra2+ 48. Kf3 a4 49. h4 Re7 50. Rxe7 Kxe7
51. Ra6 a3 52. h5 Kf7 53. Kg4 Ra1 54. Kg5 a2 55. g4 1-0

[Event "K21"]
[Site "?"]
[Date "2022.08.03"]
[Round "6"]
[White "Nelson, Wayne"]
[Black "Vesely, Jaromir"]
[Result "0-1"]
[ECO "D02"]
[WhiteElo "1895"]
[BlackElo "1929"]
[Annotator ",martin-koller@seznam"]
[PlyCount "101"]
[TimeControl "240+2"]

{600MB, Fritz10.ctg} 1. d4 d5 2. Nf3 e6 3. Bf4 Bd6 4. Bxd6 Qxd6 5. a3 f5 6. e3
Nf6 7. c4 c6 8. Nc3 Nbd7 9. Bd3 Ne4 10. O-O O-O 11. Qc2 Rf6 12. b4 Rh6 13. g3
Ndf6 14. Kg2 Bd7 15. Ne5 Rf8 16. Nxd7 Qxd7 17. Nxe4 dxe4 18. Be2 g5 19. Rad1 g4
20. Qb3 Qf7 21. Rh1 Rh3 22. Kg1 h6 23. b5 Nh7 24. bxc6 bxc6 25. Rb1 Ng5 26. Qb7
Qxb7 27. Rxb7 Nf3+ 28. Bxf3 exf3 29. Kf1 Rf7 30. Rb8+ Kg7 31. Ke1 h5 32. Kd2 h4
33. Rbb1 Kf6 34. e4 Rh7 35. gxh4 R3xh4 36. Ke3 Kg5 37. exf5 exf5 38. d5 cxd5
39. cxd5 Rxh2 40. Rxh2 Rxh2 41. Rf1 Rh8 42. Kd4 Kf4 43. Rg1 Rh2 44. Rf1 g3 45.
fxg3+ Kxg3 46. Ke5 f4 47. Rd1 f2 48. d6 f3 49. d7 Rh8 50. d8=Q Rxd8 51. Rxd8
0-1

[Event "M21"]
[Site "?"]
[Date "2022.08.04"]
[Round "7"]
[White "Prieb, Robert"]
[Black "Tornberg, Carlos"]
[Result "1-0"]
[ECO "A70"]
[WhiteElo "2111"]
[BlackElo "1983"]
[Annotator ",martin-koller@seznam"]
[PlyCount "41"]
[TimeControl "240+2"]

{600MB, Fritz10.ctg} 1. d4 Nf6 2. c4 c5 3. d5 e6 4. Nc3 exd5 5. cxd5 d6 6. e4
g6 7. Bd3 Bg7 8. h3 O-O 9. Nf3 b5 10. Nxb5 Re8 11. O-O Nxe4 12. Re1 a6 13. Nc3
Nxc3 14. Rxe8+ Qxe8 15. bxc3 Bxc3 16. Rb1 Nd7 17. Qa4 Nf6 18. Qc4 Be5 19. Nxe5
Qxe5 20. Bb2 Qg5 21. h4 1-0

[Event "M21"]
[Site "?"]
[Date "2022.08.04"]
[Round "7"]
[White "Kleinschroth, Roland"]
[Black "Gunther, Andreas"]
[Result "1/2-1/2"]
[ECO "B01"]
[WhiteElo "2085"]
[BlackElo "2088"]
[Annotator ",martin-koller@seznam"]
[PlyCount "25"]
[TimeControl "240+2"]

{600MB, Fritz10.ctg} 1. e4 d5 2. exd5 Qxd5 3. Nc3 Qa5 4. g3 Nc6 5. Bg2 e5 6.
Nge2 Be6 7. d3 Nf6 8. O-O Qa6 9. a3 O-O-O 10. Bd2 Nd4 11. Nxd4 exd4 12. Ne4
Nxe4 13. Bxe4 1/2-1/2

[Event "M21"]
[Site "?"]
[Date "2022.08.04"]
[Round "7"]
[White "Shubin, Daniel"]
[Black "Hansch, Karsten"]
[Result "1/2-1/2"]
[ECO "B19"]
[WhiteElo "2120"]
[BlackElo "2320"]
[Annotator ",martin-koller@seznam"]
[PlyCount "60"]
[TimeControl "240+2"]

{600MB, Fritz10.ctg} 1. e4 c6 2. d4 d5 3. Nc3 dxe4 4. Nxe4 Bf5 5. Ng3 Bg6 6. h4
h6 7. Nf3 Nd7 8. h5 Bh7 9. Bd3 Bxd3 10. Qxd3 e6 11. Bd2 Ngf6 12. O-O-O Be7 13.
Qe2 O-O 14. Ne5 c5 15. dxc5 Bxc5 16. Kb1 Nxe5 17. Qxe5 Bd4 18. Qb5 Qb6 19. Qxb6
Bxb6 20. f3 Rfd8 21. c4 Rd4 22. b3 Rad8 23. Kc2 Bc7 24. Ne2 Rd3 25. Bf4 Rxd1
26. Rxd1 Rxd1 27. Kxd1 e5 28. Be3 a6 29. Ng3 Kf8 30. Ne4 Nxe4 1/2-1/2

[Event "M21"]
[Site "?"]
[Date "2022.08.04"]
[Round "7"]
[White "Lokander, Martin"]
[Black "Soural, Jan"]
[Result "1-0"]
[ECO "D85"]
[WhiteElo "2483"]
[BlackElo "2119"]
[Annotator ",martin-koller@seznam"]
[PlyCount "161"]
[TimeControl "240+2"]

{600MB, Fritz10.ctg} 1. d4 Nf6 2. c4 g6 3. Nc3 d5 4. Nf3 Bg7 5. cxd5 Nxd5 6. e4
Nxc3 7. bxc3 c5 8. Bb5+ Nc6 9. O-O O-O 10. Bxc6 bxc6 11. Qc2 cxd4 12. cxd4 Bxd4
13. Nxd4 Qxd4 14. Bb2 Qd6 15. Rfe1 Ba6 16. Qc3 f6 17. e5 fxe5 18. Rxe5 Qf6 19.
Qe3 Qf7 20. Re1 Qf4 21. Qc5 Qc4 22. Qe3 Qf4 23. Qxf4 Rxf4 24. Rxe7 Rf7 25. R7e6
Bc4 26. Rxc6 Bxa2 27. Ra1 Bd5 28. Rc5 Bb7 29. h4 Rf5 30. Rc7 Rf7 31. Rac1 Raf8
32. Be5 Rxc7 33. Rxc7 Rf7 34. Rc5 Rd7 35. Bc3 Kf7 36. f3 Ke6 37. Kf2 Rd5 38.
Rc7 Rd7 39. Rc4 Bd5 40. Ra4 Bc6 41. Ra5 Bd5 42. Ke3 Bc4 43. Bd4 a6 44. Rc5 Bb5
45. g4 Kf7 46. Bc3 Ke6 47. Bd4 Kd6 48. h5 Ke6 49. h6 Kf7 50. g5 Re7+ 51. Kf4
Bd3 52. Bf6 Ra7 53. Ke5 Bf5 54. Rc6 a5 55. Rb6 Bd7 56. Bg7 a4 57. Rf6+ Ke8 58.
Rf8+ Ke7 59. f4 Ra5+ 60. Ke4 Bc6+ 61. Ke3 Ra8 62. Rf6 Bd7 63. Rb6 a3 64. Bf6+
Kf7 65. Rb7 Ke6 66. Ba1 Ra5 67. Rb8 Bc6 68. Rf8 Rf5 69. Rc8 Kd7 70. Rb8 a2 71.
Rh8 Rf7 72. f5 gxf5 73. g6 hxg6 74. h7 Re7+ 75. Kf4 Ke6 76. Kg5 Be8 77. Kh6 f4
78. Rf8 Rxh7+ 79. Kxh7 Bf7 80. Kg7 g5 81. Rxf7 1-0

[Event "K21"]
[Site "?"]
[Date "2022.08.04"]
[Round "7"]
[White "Reichmann, Steffen"]
[Black "Karas, Eugenia"]
[Result "1-0"]
[ECO "C22"]
[WhiteElo "1946"]
[BlackElo "1844"]
[Annotator ",martin-koller@seznam"]
[PlyCount "57"]
[TimeControl "240+2"]

{600MB, Fritz10.ctg} 1. e4 e5 2. d4 exd4 3. Qxd4 Nc6 4. Qe3 g6 5. Bc4 Bg7 6.
Nc3 Nge7 7. Bd2 a6 8. Nf3 b5 9. Bb3 Na5 10. h4 h5 11. Ng5 Nxb3 12. axb3 O-O 13.
Nxb5 Bxb2 14. Ra2 Bg7 15. O-O Bb7 16. Nc3 d5 17. Qf4 dxe4 18. Ncxe4 Nd5 19. Qf3
Bc6 20. c4 Nf6 21. Bb4 Bxe4 22. Nxe4 Nxe4 23. Bxf8 Nc3 24. Bxg7 Nxa2 25. Rd1
Qe8 26. Bd4 Kh7 27. Qf6 Qf8 28. Re1 c5 29. Re7 1-0

[Event "K21"]
[Site "?"]
[Date "2022.08.04"]
[Round "7"]
[White "Husa, Daniel"]
[Black "Rutsatz, Mario"]
[Result "1/2-1/2"]
[ECO "A33"]
[WhiteElo "1843"]
[BlackElo "1898"]
[Annotator ",martin-koller@seznam"]
[PlyCount "34"]
[TimeControl "240+2"]

{600MB, Fritz10.ctg} 1. d4 Nf6 2. c4 e6 3. g3 c5 4. Nf3 cxd4 5. Nxd4 Nc6 6. Bg2
Bb4+ 7. Nc3 O-O 8. O-O a6 9. a3 Bxc3 10. bxc3 Ne5 11. Qb3 Qc7 12. Bf4 d6 13.
Bxe5 dxe5 14. Nc2 Rb8 15. a4 Bd7 16. Ne3 Bc6 17. Rfd1 Bxg2 1/2-1/2

[Event "M21"]
[Site "?"]
[Date "2022.08.04"]
[Round "7"]
[White "Vesely, Jaromir"]
[Black "Wiege, Hannes"]
[Result "0-1"]
[ECO "D53"]
[WhiteElo "1929"]
[BlackElo "1791"]
[Annotator ",martin-koller@seznam"]
[PlyCount "86"]
[TimeControl "240+2"]

{600MB, Fritz10.ctg} 1. d4 d5 2. c4 e6 3. Nc3 Nf6 4. Nf3 c6 5. Bg5 Be7 6. e3
Ne4 7. Bxe7 Qxe7 8. Bd3 f5 9. O-O Nd7 10. Nd2 O-O 11. f3 Nxd2 12. Qxd2 Nf6 13.
e4 e5 14. cxd5 exd4 15. Bc4 Qc5 16. b3 dxc3+ 17. Qf2 Qxf2+ 18. Rxf2 cxd5 19.
exd5 Bd7 20. a4 Rfe8 21. Rc2 Re3 22. Kf2 Rae8 23. Rac1 a6 24. a5 g6 25. Rxc3
Rxc3 26. Rxc3 Kf7 27. Rc1 Ke7 28. Ke3 g5 29. Kd4 Kd6 30. Rd1 f4 31. h4 gxh4 32.
Rh1 h3 33. gxh3 Rg8 34. h4 h5 35. Bd3 Nxd5 36. Be4 Bc6 37. Rd1 Ne3 38. Rd2 Rg2
39. Rxg2 Nxg2 40. Bxc6 Kxc6 41. Ke4 Nxh4 42. Kxf4 Kb5 43. Kg3 Nxf3 0-1

[Event "K21"]
[Site "?"]
[Date "2022.08.04"]
[Round "7"]
[White "Oelmann, Henry"]
[Black "Nelson, Wayne"]
[Result "0-1"]
[ECO "A09"]
[WhiteElo "1952"]
[BlackElo "1895"]
[Annotator ",martin-koller@seznam"]
[PlyCount "82"]
[TimeControl "240+2"]

{600MB, Fritz10.ctg} 1. Nf3 d5 2. c4 d4 3. b4 Nf6 4. e3 dxe3 5. fxe3 Bg4 6. Be2
e6 7. a3 Be7 8. Nc3 O-O 9. O-O Nbd7 10. d4 c6 11. Qc2 Qc7 12. e4 e5 13. d5 cxd5
14. exd5 Rac8 15. Bd2 Rfe8 16. Rae1 e4 17. Nb5 Qb6+ 18. Nfd4 Bxe2 19. Rxe2 a6
20. Be3 Nxd5 21. Qxe4 N7f6 22. Qf3 Nxe3 23. c5 Qd8 24. Rxe3 axb5 25. Nxb5 Rxc5
26. Rd3 Rd5 27. Rxd5 Qxd5 28. Qxd5 Nxd5 29. Re1 Bc5+ 30. Kf1 Rxe1+ 31. Kxe1 Be7
32. Kd2 Kf8 33. g3 Ke8 34. Kd3 Kd7 35. Kd4 Nf6 36. Kc4 Ng4 37. h3 Nf2 38. Nc3
Nxh3 39. Kb5 Ng5 40. a4 Ne6 41. Nd5 Nc7+ 0-1

[Event "K21"]
[Site "?"]
[Date "2022.08.04"]
[Round "7"]
[White "Ekberg, Karl"]
[Black "Schoenmakers, Nico"]
[Result "1/2-1/2"]
[ECO "D31"]
[WhiteElo "1951"]
[BlackElo "1861"]
[Annotator ",martin-koller@seznam"]
[PlyCount "135"]
[TimeControl "240+2"]

{600MB, Fritz10.ctg} 1. d4 d5 2. c4 e6 3. Nc3 c6 4. e4 dxe4 5. Nxe4 Nd7 6. Nf3
Ngf6 7. Nc3 Be7 8. Bd3 O-O 9. O-O c5 10. Qe2 cxd4 11. Nxd4 Nc5 12. Rd1 Nxd3 13.
Rxd3 Qa5 14. Bd2 Qc5 15. b3 a6 16. Re1 Bd7 17. Ne4 Nxe4 18. Qxe4 b6 19. Nf5
exf5 20. Qxe7 Qxe7 21. Rxe7 Be6 22. Be3 Rfd8 23. Rxd8+ Rxd8 24. Kf1 b5 25. cxb5
axb5 26. Rb7 h5 27. Rxb5 Rd1+ 28. Ke2 Ra1 29. Rb8+ Kh7 30. b4 Rxa2+ 31. Kd3 f4
32. Bd2 Rb2 33. h4 Bf5+ 34. Ke2 f3+ 35. gxf3 Rb3 36. Rd8 Be6 37. Rd4 Bc8 38.
Be3 Rb2+ 39. Kd3 Be6 40. Ke4 f6 41. f4 Bc8 42. f5 Bb7+ 43. Kd3 Ba6+ 44. Kc3 Rb1
45. Bf4 Bc8 46. Rd5 Bb7 47. Ra5 Bc6 48. Kc4 Rb2 49. Bg3 Be4 50. Kc3 Rb1 51. Kc4
Rb2 52. Kc3 Rb1 53. Rb5 Ra1 54. Kd4 Bf3 55. Rc5 Rd1+ 56. Ke3 Bb7 57. b5 Rb1 58.
Kd4 Rb4+ 59. Kc3 Rb1 60. Kd4 Rd1+ 61. Ke3 Rb1 62. Bc7 Rh1 63. Bg3 Rb1 64. Kd4
Rd1+ 65. Ke3 Rb1 66. Kd4 Rd1+ 67. Ke3 Rb1 68. Kd4 1/2-1/2

[Event "M21"]
[Site "?"]
[Date "2022.08.04"]
[Round "8"]
[White "Soural, Jan"]
[Black "Kleinschroth, Roland"]
[Result "1-0"]
[ECO "A52"]
[WhiteElo "2119"]
[BlackElo "2085"]
[Annotator ",martin-koller@seznam"]
[PlyCount "51"]
[TimeControl "240+2"]

{600MB, Fritz10.ctg} 1. d4 Nf6 2. c4 e5 3. dxe5 Ng4 4. e4 Nxe5 5. f4 Nec6 6.
Nc3 Bc5 7. Na4 Bb4+ 8. Kf2 a5 9. Nf3 Na6 10. a3 Bc5+ 11. Nxc5 Nxc5 12. Bd3
Nxd3+ 13. Qxd3 d6 14. Bd2 a4 15. Bc3 O-O 16. Rad1 f6 17. c5 Re8 18. f5 Qe7 19.
cxd6 cxd6 20. Rhe1 Rd8 21. g4 Kh8 22. h4 Ne5 23. Bxe5 fxe5 24. Qd5 Ra6 25. Nxe5
Qxh4+ 26. Kg2 1-0

[Event "M21"]
[Site "?"]
[Date "2022.08.04"]
[Round "8"]
[White "Tornberg, Carlos"]
[Black "Shubin, Daniel"]
[Result "0-1"]
[ECO "C02"]
[WhiteElo "1983"]
[BlackElo "2120"]
[Annotator ",martin-koller@seznam"]
[PlyCount "68"]
[TimeControl "240+2"]

{600MB, Fritz10.ctg} 1. e4 e6 2. d4 d5 3. e5 c5 4. c3 Qb6 5. Nf3 Bd7 6. Bd3 Nc6
7. O-O cxd4 8. cxd4 Nxd4 9. Nxd4 Qxd4 10. Nc3 a6 11. Qe2 Rc8 12. Kh1 Bc5 13. f4
Ne7 14. Bd2 O-O 15. Rf3 f5 16. a3 Bb5 17. Rd1 Bxd3 18. Rxd3 Qc4 19. b3 Qxb3 20.
Ne4 Qa2 21. Ng5 d4 22. Rg3 h6 23. Nh3 Rf7 24. Qh5 Kf8 25. Nf2 Bxa3 26. Qf3 Bc5
27. Qxb7 a5 28. Nd3 Qc2 29. Qf3 Nd5 30. Bxa5 Ne3 31. Nxc5 Qxc5 32. Bd2 Nxd1 33.
Qxd1 Qc2 34. Bb4+ Kg8 0-1

[Event "M21"]
[Site "?"]
[Date "2022.08.04"]
[Round "8"]
[White "Hogeman, Joel"]
[Black "Hansch, Karsten"]
[Result "1/2-1/2"]
[ECO "B13"]
[WhiteElo "2160"]
[BlackElo "2320"]
[Annotator ",martin-koller@seznam"]
[PlyCount "50"]
[TimeControl "240+2"]

{600MB, Fritz10.ctg} 1. e4 c6 2. d4 d5 3. exd5 cxd5 4. Bd3 Nc6 5. c3 Nf6 6. Bf4
Bg4 7. Qb3 Qd7 8. Nd2 e6 9. Ngf3 Bd6 10. Bxd6 Qxd6 11. O-O O-O 12. Rfe1 Nd7 13.
Qc2 g6 14. h3 Bxf3 15. Nxf3 Kg7 16. Qd2 Rae8 17. Rad1 f6 18. c4 Qb4 19. a3 Qxd2
20. Rxd2 Nb6 21. c5 Nd7 22. Bb1 Ndb8 23. b4 a6 24. Ba2 Na7 25. a4 Nbc6 1/2-1/2

[Event "M21"]
[Site "?"]
[Date "2022.08.04"]
[Round "8"]
[White "Gunther, Andreas"]
[Black "Prieb, Robert"]
[Result "1/2-1/2"]
[ECO "A01"]
[WhiteElo "2088"]
[BlackElo "2111"]
[Annotator ",martin-koller@seznam"]
[PlyCount "83"]
[TimeControl "240+2"]

{600MB, Fritz10.ctg} 1. b3 d5 2. Bb2 Bg4 3. f3 Bf5 4. e3 e6 5. Ne2 Nd7 6. Nbc3
Ngf6 7. d4 Bd6 8. Qd2 a6 9. O-O-O h5 10. Nf4 Bxf4 11. exf4 Qe7 12. g3 Qd6 13.
Bd3 g6 14. Be2 Bh3 15. Rhg1 O-O-O 16. Qe3 Ne8 17. Rd2 Qf8 18. Nd1 Bf5 19. Nf2
Nd6 20. h3 g5 21. fxg5 Qg7 22. h4 Bg6 23. Nd3 Rde8 24. Ne5 Nf5 25. Qf4 Qf8 26.
Nxd7 Kxd7 27. Qe5 Qd6 28. Qxd6+ Kxd6 29. Bd3 Ne3 30. Ba3+ Kd7 31. Bb4 b6 32.
Re2 Bxd3 33. Rxe3 Bg6 34. Re2 Rc8 35. Bd2 c5 36. dxc5 Rxc5 37. Be3 Rc6 38. Bd4
Rhc8 39. Rgg2 b5 40. b4 Rc4 41. Bc5 a5 42. a3 1/2-1/2

[Event "K21"]
[Site "?"]
[Date "2022.08.04"]
[Round "8"]
[White "Rutsatz, Mario"]
[Black "Vesely, Jaromir"]
[Result "0-1"]
[ECO "A90"]
[WhiteElo "1898"]
[BlackElo "1929"]
[Annotator ",martin-koller@seznam"]
[PlyCount "62"]
[TimeControl "240+2"]

{600MB, Fritz10.ctg} 1. c4 e6 2. g3 d5 3. Bg2 c6 4. Nf3 f5 5. O-O Nf6 6. b3 Bd6
7. Bb2 Qe7 8. Ne5 O-O 9. d4 Bd7 10. Nc3 Be8 11. Qc2 Nbd7 12. Nxd7 Qxd7 13. f3
Bg6 14. e4 fxe4 15. fxe4 e5 16. cxd5 cxd5 17. Qd2 dxe4 18. Rad1 Rad8 19. Kh1
Bc5 20. Qe2 Bxd4 21. Nxe4 Nxe4 22. Rxf8+ Kxf8 23. Bxe4 Bxe4+ 24. Qxe4 Qc6 25.
Qxc6 bxc6 26. Kg2 Ke7 27. Ba3+ Ke6 28. Kf3 Kd5 29. Ke2 c5 30. Rf1 Rd6 31. Rf7
Ra6 0-1

[Event "K21"]
[Site "?"]
[Date "2022.08.04"]
[Round "8"]
[White "Schoenmakers, Nico"]
[Black "Karas, Eugenia"]
[Result "1-0"]
[ECO "C47"]
[WhiteElo "1816"]
[BlackElo "1844"]
[Annotator ",martin-koller@seznam"]
[PlyCount "53"]
[TimeControl "240+2"]

{600MB, Fritz10.ctg} 1. e4 e5 2. Nf3 Nc6 3. Nc3 Nf6 4. d4 exd4 5. Nxd4 Bb4 6.
Nxc6 bxc6 7. Bd3 d5 8. Bd2 O-O 9. O-O Bd6 10. f3 Be6 11. Kh1 Rb8 12. b3 Nh5 13.
Qe1 Re8 14. e5 Bd7 15. f4 Be7 16. Qf2 c5 17. Qf3 c4 18. bxc4 dxc4 19. Bxc4 Bc6
20. Bxf7+ Kf8 21. Qxc6 Kxf7 22. Be3 Bb4 23. Ne4 Qh4 24. Ng5+ Kf8 25. Bc5+ Bxc5
26. Qxc5+ Re7 27. Qf2 1-0

[Event "K21"]
[Site "?"]
[Date "2022.08.04"]
[Round "8"]
[White "Ekberg, Karl"]
[Black "Husa, Daniel"]
[Result "1/2-1/2"]
[ECO "D35"]
[WhiteElo "1951"]
[BlackElo "1843"]
[Annotator ",martin-koller@seznam"]
[PlyCount "52"]
[TimeControl "240+2"]

{600MB, Fritz10.ctg} 1. d4 d5 2. c4 e6 3. Nc3 Nf6 4. cxd5 Nxd5 5. e4 Nxc3 6.
bxc3 c5 7. Bb5+ Bd7 8. Bxd7+ Nxd7 9. Nf3 cxd4 10. cxd4 Bb4+ 11. Bd2 Bxd2+ 12.
Qxd2 O-O 13. O-O Nf6 14. Rfe1 Rc8 15. Rac1 Qd7 16. e5 Nd5 17. Ng5 Rxc1 18. Rxc1
Rc8 19. Ne4 Rxc1+ 20. Qxc1 Qc7 21. Qd2 Qb6 22. f3 Qb4 23. Qxb4 Nxb4 24. Nc3 Nc6
25. Ne2 Nb4 26. Nc3 Nc6 1/2-1/2

[Event "K21"]
[Site "?"]
[Date "2022.08.04"]
[Round "8"]
[White "Wiege, Hannes"]
[Black "Oelmann, Henry"]
[Result "0-1"]
[ECO "E22"]
[WhiteElo "1791"]
[BlackElo "1952"]
[Annotator ",martin-koller@seznam"]
[PlyCount "68"]
[TimeControl "240+2"]

{600MB, Fritz10.ctg} 1. d4 Nf6 2. c4 e6 3. Nc3 Bb4 4. Qb3 Nc6 5. e3 d5 6. cxd5
exd5 7. Bb5 Be7 8. Nf3 O-O 9. O-O Na5 10. Qc2 a6 11. Bd3 Nc6 12. a3 h6 13. Bd2
Be6 14. Ne5 Nxe5 15. dxe5 Ng4 16. f4 d4 17. Nd1 dxe3 18. Nxe3 Qd4 19. Rae1 Rad8
20. Bh7+ Kh8 21. Bc1 g6 22. Bxg6 fxg6 23. Qxg6 Bf5 24. Qh5 Qb6 25. h3 Nxe3 26.
Bxe3 Qg6 27. Qxg6 Bxg6 28. g4 Bd3 29. Rf3 Be4 30. Rff1 Rd3 31. f5 Re8 32. Bf4
Bd5 33. Bxh6 Rxh3 34. Bf4 Bc5+ 0-1